 Dungeon Crawl Stone Soup version 0.28-a0-909-g796cbd3a86 (webtiles) character file.

Game seed: 4491464821799490227

39 croobank the Insei (level 3, 0/23 HPs)
             Began as an Octopode Transmuter on Nov 24, 2021.
             Frozen to death by an endoplasm (1 damage)
             ... on level 2 of the Dungeon.
             The game lasted 00:06:51 (1562 turns).

croobank the Insei (Octopode Transmuter)            Turns: 1562, Time: 00:06:54

Health: 0/23       AC:  1    Str: 10    XL:     3   Next: 47%
Magic:  4/6        EV: 10    Int: 15    God:
Gold:   50         SH:  0    Dex: 12    Spells: 4/7 levels left

rFire   . . .      SeeInvis .   f - +1 dagger (venom)
rCold   . . .      Faith    .   (no shield)
rNeg    . . .      Spirit   .   (helmet restricted)
rPois   .          Reflect  .   (no amulet)
rElec   .          Harm     .   d - ring of resist corrosion
rCorr   +          Rampage  .   (no ring)
Will    .....                   (no ring)
Stlth   +++.......              (no ring)
HPRegen 0.07/turn               (no ring)
MPRegen 0.10/turn               (no ring)
                                (no ring)
                                (no ring)

@: wereblooded, constricted
A: almost no armour, amphibious, 8 rings, camouflage 1, gelatinous body 1,
(nimble swimmer 1), tentacles
a: no special abilities


You were on level 2 of the Dungeon.
You visited 1 branch of the dungeon, and saw 2 of its levels.

You collected 50 gold pieces.

Inventory:

Hand Weapons
 a - a +0 quarterstaff
 c - a +0 spear
 f - a +1 dagger of venom (weapon)
 g - a +0 short sword
Missiles
 h - 3 stones
Jewellery
 d - a ring of resist corrosion (left tentacle)
Scrolls
 e - 2 scrolls of magic mapping
Potions
 i - a potion of degeneration


   Skills:
 + Level 1.0 Fighting
 + Level 2.5 Dodging
 + Level 1.0 Stealth
 + Level 3.2 Unarmed Combat
 + Level 2.5 Spellcasting
 + Level 2.2 Transmutations


You had 4 spell levels left.
You knew the following spells:

 Your Spells              Type           Power      Damage    Failure   Level
a - Beastly Appendage     Tmut           16%        N/A       9%          1
b - Wereblood             Tmut           8%         N/A       12%         2

Your spell library contained the following spells:

 Spells                   Type           Power      Damage    Failure   Level
 Ensorcelled Hibernation  Hex/Ice        2%         N/A       32%         2
 Spider Form              Tmut/Pois      5%         N/A       36%         3
 Tukima's Dance           Hex            1%         N/A       54%         3
 Ice Form                 Ice/Tmut       5%         N/A       78%         4


Dungeon Overview and Level Annotations

Branches:
Dungeon (2/15)

Altars:

Shops:
D:2 [*


Innate Abilities, Weirdness & Mutations

You cannot wear most types of armour.
You are amphibious.
You can wear up to eight rings at the same time.
Your skin changes colour to match your surroundings (Stealth+).
Your rubbery body absorbs attacks. (AC +1, EV +1)
((You are camouflaged near water. (Stealth+)))
You have tentacles for arms and can constrict up to eight enemies at once.


Message History

Your transformation is almost over.
Your magical contamination has completely faded away.
A ball python and an endoplasm come into view.
You hit the gnoll but do no damage.
The gnoll looks even sicker.
Your grab misses the gnoll.
The gnoll is almost dead.
The endoplasm quivers.
You hit the gnoll but do no damage. You grab the gnoll.
You pierce the gnoll.
You kill the gnoll!
Found Appoibb's General Store.
You closely miss the gnoll. You grab the gnoll.
You pierce the gnoll.
The gnoll is lightly wounded.
Your tentacle spike disappears.
You constrict the gnoll. The gnoll barely misses you.
You hit the gnoll but do no damage.
The gnoll is poisoned.
The gnoll is moderately wounded.
You constrict the gnoll, but do no damage.
The ball python barely misses you. The ball python grabs you.
The ball python constricts you. The gnoll barely misses you.
Casting: Beastly Appendage (safe; 9% risk of failure)
Confirm with . or Enter, or press ? or * to list all spells.
Your blood is infused with primal strength.
You constrict the gnoll. The ball python barely misses you.
The ball python constricts you.
* * * LOW HITPOINT WARNING * * *
The gnoll hits you with a +0 flail.
* * * LOW HITPOINT WARNING * * *
You hit the gnoll.
The gnoll is heavily wounded.
You constrict the gnoll, but do no damage.
The ball python bites you but does no damage.
The ball python constricts you.
* * * LOW HITPOINT WARNING * * *
The gnoll barely misses you. The ball python misses you.
The ball python constricts you.
* * * LOW HITPOINT WARNING * * *
The endoplasm jiggles.
The endoplasm freezes you.
You are frozen.
You die...

....#* *,*,,,,,,,***,****,* ..###
*,*,#.......∩.#.,,,*
.########.#,#...........**** ***
...........,#..........#* *****,,
..........,,,.........##* *,,*,,≈
...####.#**,,,..........***,,*,,≈
.#####..##*,*,,.........,,,,**,≈*
..........,,***#SJ..#******,*,≈,*
......####*** #@#*** ***≈,**
......##########g# *,≈,*,
.....###........)# *,≈,**
..>..)..........## **,≈,,*
.....##.........# *,,≈,,,
.....###).......# *,,,≈,, ######
#........# *****≈** #........#
*,,,,,,, #........# *****,**


You could see a gnoll (poisoned), an endoplasm and a ball python.

Vanquished Creatures
  2 gnolls (D:2)
  A ball python (D:1)
  An endoplasm (D:2)
  A giant cockroach (D:2)
  3 goblins
  A hobgoblin (D:2)
  3 jackals (D:1)
  2 bats
  2 frilled lizards (D:2)
  3 kobolds
  A rat (D:2)
20 creatures vanquished.

Notes
Turn   | Place    | Note
-------+----------+-------------------------------------------
     0 | D:1      | croobank the Octopode Transmuter began the quest for the
                  | Orb.
     0 | D:1      | Reached XP level 1. HP: 13/13 MP: 3/3
   527 | D:1      | Reached XP level 2. HP: 13/18 MP: 3/5
  1011 | D:1      | Learned a level 2 spell: Wereblood
  1065 | D:2      | Noticed an ogre
  1132 | D:2      | Found Rodeg's Antique Armour Shop.
  1521 | D:2      | Reached skill level 1 in Stealth
  1528 | D:2      | Reached XP level 3. HP: 12/23 MP: 4/6
  1558 | D:2      | Found Appoibb's General Store.
  1562 | D:2      | HP: 1/23 [constriction (1)]
  1562 | D:2      | Frozen to death by an endoplasm

Illustrated notes

Levels and vault maps discovered:
D:1:      beargit_arrival_greenhouse, layout_basic
D:2:      layout_rooms, serial_shops, shop, nicolae_shop_crystal,
          nicolae_diamond_shop, basic_altar,
          shapermc_ecumenical_altar_hornbeckon

Skill      XL: |  1  2 |
---------------+-------+-----
Stealth        | 1 |  1.0
Fighting       | |  1.0
Dodging        | |  2.5
Unarmed Combat | |  3.2
Spellcasting   | |  2.5
Transmutations | |  2.2

Action                   || total
-------------------------++-------
Melee: Unarmed           ||     7
       Constrict         ||    15
       Spear             ||     4
       Tentacles         ||     5
       Dagger            ||    35
       Punch             ||     2
       Kick              ||     7
 Cast: Beastly Appendage ||    12
       Wereblood         ||     1
  Use: Scroll            ||     4
Armor: Skin              ||     3
Dodge: Dodged            ||    48

Table legend: (Time is in decaauts)
 A = Elapsed time spent in this place.
 B = Non-inter-level travel time spent in this place.
 C = Inter-level travel time spent in this place.
 D = Time resting spent in this place.
 E = Time spent auto-exploring this place.
 F = Levels seen in this place.
 G = Mean time per level.
                   A        B        C        D        E       F      G
               +--------+--------+--------+--------+--------+-----+--------+
         Total |   1562 |   1553 |      9 |    528 |    680 |   2 |  781.0 |
       Dungeon |   1562 |   1553 |      9 |    528 |    680 |   2 |  781.0 |
               +--------+--------+--------+--------+--------+-----+--------+

Top non-repeatable levels by time:
     D:1: 1294 daAuts
     D:2: 267 daAuts
